Map: Nightshade LE

Players

prospeKt

  • Race: Zerg Zerg
  • League: Platinum
  • Spawn Location: 5:00

Pandora - Winner!

  • Race: Zerg Zerg
  • League: Platinum
  • Spawn Location: 11:00

VOD

Have the link to the VOD?

Description

Time

  • Played on: June 3, 2020, 8:43 a.m.
  • Length: 15:53
Show
View Real Time Build Order
Export as new Build Order

prospeKt Zerg 

Build Orders: Hatch First, Roach Hydra 

Get SALT Encoding   

  12  0:00  Drone  
  13  0:15  Overlord  
  13  0:24  Drone  
  14  0:33  Drone x2  
  16  0:37  Drone  
  17  0:48  Drone  
  18  0:59  Hatchery, Drone  
  18  1:13  Spawning Pool  
  18  1:15  Drone  
  18  1:30  Drone  
  19  1:35  Extractor  
  19  1:36  Drone  
  19  1:43  Drone  
  20  1:54  Drone  
  21  2:02  Drone  
  22  2:11  Drone  
  22  2:15  Queen x2  
  23  2:17  Overlord  
  27  2:26  Drone  
  28  2:35  Drone x2  
  28  2:37  Overlord  
  30  2:49  Drone x2  
  30  2:51  Queen  
  32  2:54  Lair  
  32  2:57  Drone x2  
  36  3:05  Overlord  
  36  3:12  Overlord  
  36  3:25  Drone x8  
  44  3:30  Queen  
  44  3:32  Overlord  
  44  3:33  Drone  
  47  3:37  Extractor  
  46  3:41  Extractor  
  46  3:43  Evolution Chamber  
  46  3:46  Roach Warren  
  43  3:50  Drone x2  
  45  3:56  Drone x3  
  48  4:04  Hatchery  
  48  4:09  Drone x6  
  53  4:23  Overlord x2  
  53  4:32  Drone  
  53  4:33  Overlord, Drone x5  
  53  4:36  Glial Reconstitution  
  53  4:37  Zerg Missile Weapons Level 1  
  59  4:48  Roach x3  
  65  4:53  Drone  
  66  5:00  Roach  
  68  5:12  Drone x2  
  68  5:14  Overlord  
  70  5:23  Drone  
  70  5:24  Drone x2  
  73  5:30  Hydralisk Den  
  73  5:31  Evolution Chamber  
  71  5:36  Roach x3  
  77  5:46  Spine Crawler  
  77  5:47  Roach x3  
  77  5:48  Spine Crawler  
  81  5:59  Roach  
  81  6:00  Roach x3  
  87  6:20  Roach x5  
  87  6:25  Drone x7  
  98  6:26  Overlord  
  98  6:27  Overlord x3  
  96  6:35  Drone  
  96  6:36  Extractor  
  96  6:37  Extractor  
  95  6:58  Drone, Spore Crawler  
  95  6:59  Drone x11  
  106  7:08  Queen  
  108  7:22  Drone x11  
  119  7:28  Hatchery  
  118  7:35  Hatchery  
  117  7:46  Spine Crawler  
  117  7:48  Drone x9  
  117  7:49  Drone  
  117  7:50  Spine Crawler  
  125  7:52  Spore Crawler  
  125  7:53  Spore Crawler  
  125  7:58  Overlord x5  
  123  8:01  Zerg Missile Weapons Level 2  
  123  8:02  Zerg Ground Armor Level 1  
  123  8:03  Grooved Spines  
  123  8:08  Hydralisk  
  123  8:09  Hydralisk x2  
  129  8:27  Drone x7  
  129  8:32  Hydralisk x3  
  129  8:33  Hydralisk x6  
  154  8:49  Hydralisk x11  
  154  8:51  Overlord  
  176  8:58  Extractor  
  176  9:02  Spine Crawler  
  174  9:03  Spine Crawler  
  174  9:04  Spine Crawler, Extractor  
  174  9:05  Spine Crawler  
  174  9:07  Spine Crawler  
  169  9:14  Muscular Augments  
  169  9:20  Hydralisk x10  
  189  9:27  Infestation Pit  
  189  9:28  Extractor  
  187  9:48  Hydralisk  
  187  9:50  Overlord x4  
  189  9:59  Extractor  
  188  10:00  Drone x2  
  188  10:01  Spine Crawler x2  
  188  10:02  Spine Crawler x3, Drone x3, Extractor  
  188  10:03  Drone x3  
  188  10:05  Overlord x2  
  188  10:06  Spine Crawler  
  189  10:28  Hydralisk  
  189  10:29  Hydralisk x4  
  189  10:32  Zerg Ground Armor Level 2  
  199  10:36  Hive  
  199  10:45  Hydralisk x4  
  197  10:52  Drone x3  
  198  11:06  Hydralisk x2  
  136  11:23  Hydralisk x12  
  136  11:24  Hydralisk x11  
  154  11:44  Hydralisk x8  
  154  11:57  Hydralisk  
  154  11:58  Hydralisk x5  
  164  12:09  Overseer x2  
  164  12:10  Overseer x2  
  164  12:13  Hydralisk  
  164  12:14  Hydralisk x2  
  124  12:24  Hydralisk  
  124  12:25  Hydralisk x5  
  116  12:37  Drone  
  116  12:38  Drone x9  
  116  12:39  Drone  
  127  12:51  Hatchery  
  126  12:54  Drone x4  
  130  13:15  Hydralisk x2  
  130  13:16  Hydralisk x13  
  160  13:23  Hatchery  
  160  13:26  Metabolic Boost  
  159  13:31  Drone  
  156  13:50  Spine Crawler  
  156  13:51  Spine Crawler  
  156  13:52  Spine Crawler  
  156  13:53  Spine Crawler  
  148  13:56  Drone x4  
  148  13:59  Hydralisk x14  
  180  14:18  Hydralisk  
  180  14:19  Hydralisk x7  
  192  14:44  Hydralisk x11  
  128  14:55  Hydralisk x5  
  102  15:21  Zergling x2  
  102  15:22  Zergling x24  
  101  15:34  Hatchery  
Show
View Real Time Build Order
Export as new Build Order

Pandora Zerg - Winner!

Build Orders: Hatch First 

Get SALT Encoding   

  12  0:01  Drone  
  13  0:13  Overlord  
  13  0:17  Drone  
  14  0:31  Drone x2  
  16  0:48  Hatchery  
  15  0:51  Drone  
  15  0:56  Drone  
  17  0:59  Drone  
  18  1:10  Extractor  
  17  1:14  Spawning Pool  
  17  1:17  Drone  
  17  1:20  Drone  
  18  1:29  Drone  
  19  1:39  Drone  
  20  1:50  Overlord  
  20  2:00  Drone  
  21  2:01  Drone  
  21  2:02  Queen x2  
  26  2:09  Metabolic Boost  
  26  2:16  Drone  
  26  2:17  Drone  
  29  2:30  Drone x2  
  29  2:35  Hatchery  
  29  2:37  Drone  
  30  2:51  Queen, Drone  
  30  2:52  Drone  
  30  2:53  Overlord  
  30  2:58  Drone  
  35  2:59  Drone  
  36  3:07  Overlord x2  
  36  3:15  Drone x3  
  39  3:24  Drone x2  
  39  3:25  Drone x3  
  44  3:30  Drone  
  44  3:31  Queen  
  47  3:40  Baneling Nest  
  47  3:41  Drone x2  
  48  3:42  Evolution Chamber  
  48  3:48  Zergling x4  
  49  3:53  Queen  
  49  3:55  Overlord x2  
  51  4:07  Drone  
  51  4:08  Drone x6  
  58  4:15  Zerg Missile Weapons Level 1  
  59  4:17  Drone x2  
  60  4:27  Lair  
  60  4:31  Drone x6, Extractor  
  59  4:32  Drone x3, Extractor  
  59  4:37  Overlord  
  67  4:55  Zergling x2  
  67  4:56  Zergling x24  
  67  4:58  Baneling  
  67  4:59  Baneling x3  
  80  5:10  Extractor  
  80  5:12  Roach Warren, Extractor  
  77  5:23  Zergling x10  
  82  5:31  Centrifical Hooks  
  82  5:34  Evolution Chamber  
  81  5:46  Drone  
  81  5:48  Overlord x6  
  82  5:51  Overseer x2  
  82  5:53  Extractor  
  82  5:54  Hatchery  
  80  5:57  Extractor  
  75  6:22  Zergling x16  
  75  6:23  Zergling x24  
  79  6:33  Roach  
  79  6:35  Glial Reconstitution  
  81  6:40  Zerg Melee Weapons Level 1  
  81  6:42  Drone x3  
  84  6:55  Zerg Missile Weapons Level 2  
  84  6:57  Roach x7  
  98  7:04  Drone  
  98  7:07  Drone x3  
  102  7:14  Queen  
  102  7:15  Queen  
  106  7:25  Hatchery  
  105  7:35  Overlord x5  
  105  7:37  Overseer x2  
  105  7:43  Baneling x4  
  105  7:44  Drone  
  105  7:45  Drone x14  
  120  8:01  Roach x8  
  120  8:05  Baneling x7  
  136  8:17  Roach  
  136  8:18  Roach x9  
  156  8:31  Pneumatized Carapace  
  156  8:34  Zerg Ground Armor Level 1  
  156  8:40  Roach x9  
  174  8:42  Overlord x3  
  174  8:49  Overseer  
  174  9:05  Extractor  
  174  9:08  Infestation Pit  
  172  9:20  Baneling  
  172  9:21  Roach x7  
  172  9:22  Roach x2  
  190  9:30  Overlord x5  
  190  9:32  Overlord  
  190  9:33  Overlord x3  
  190  10:11  Roach  
  190  10:12  Roach x4  
  182  10:35  Roach  
  182  10:36  Roach x10  
  182  10:39  Zerg Ground Armor Level 2  
  182  10:41  Hive  
  199  10:49  Zergling x16  
  195  10:50  Zergling x12  
  167  11:16  Zergling x2  
  167  11:17  Zergling x30  
  167  11:18  Zergling x30  
  147  11:31  Ravager x5  
  147  11:32  Ravager x10  
  146  11:47  Baneling x10  
  146  11:51  Roach x9  
  146  11:52  Roach x6  
  175  11:59  Roach  
  175  12:00  Roach x2  
  181  12:09  Zerg Missile Weapons Level 3  
  154  12:26  Roach  
  154  12:27  Roach x15  
  178  12:44  Roach x8  
  187  12:52  Overlord x7  
  187  12:54  Overseer x2  
  187  13:02  Zerg Ground Armor Level 3  
  187  13:08  Ultralisk Cavern  
  186  13:14  Drone x5  
  186  13:15  Drone  
  192  13:20  Extractor  
  192  13:21  Hatchery  
  192  13:24  Extractor  
  189  13:34  Zergling x14  
  190  13:35  Zergling x8  
  200  13:57  Baneling x11  
  200  13:58  Baneling x9  
  169  14:48  Zergling x32  
  169  14:49  Zergling x38  
  196  15:16  Baneling x5  
  196  15:17  Baneling  
Tags
 
Add a new tag
Caveats
  • Supply blocks, unpowered buildings, or Contaminate may cause inaccurate times.
  • Supply counts are checked every 10 seconds.